 Dungeon Crawl Stone Soup version 0.17.1-3-g152610e (webtiles) character file.

488 Yevrel the Ruffian (level 6, 61/61 HPs)
             Began as a Troll Monk on Apr 4, 2016.
             Was an Initiate of Gozag.
             Quit the game on level 4 of the Dungeon.
             The game lasted 00:12:01 (2838 turns).

Yevrel the Ruffian (Troll Monk)                     Turns: 2838, Time: 00:12:02

Health: 61/61      AC:  5    Str: 22    XL:     6   Next: 90%
Magic:  5/5        EV: 11    Int:  6    God:    Gozag
Gold:   345        SH:  0    Dex: 12    Spells: 0 memorised, 5 levels left

rFire  . . .     SeeInvis .       - Unarmed
rCold  . . .     Clarity  .     a - +0 robe
rNeg   . . .     SustAt   .     (no shield)
rPois  .         Gourm    +     (helmet restricted)
rElec  .         Spirit   .     (no cloak)
rCorr  .         Warding  .     (gloves unavailable)
rMut   .         Stasis   .     (boots unavailable)
MR     .....                    (no amulet)
Stlth  ++........               (no ring)
                                (no ring)

@: not resistant to hostile enchantments, unstealthy
A: unfitting armour, claws 3, fast metabolism 3, gourmand, regeneration 2,
shaggy fur 1, tough skin 2
a: Potion Petition, Call Merchant, Bribe Branch, Renounce Religion


You were on level 4 of the Dungeon.
You worshipped Gozag.
Gozag was noncommittal.
You were not hungry.

You visited 1 branch of the dungeon, and saw 4 of its levels.

You collected 345 gold pieces.

Inventory:

Armour
 a - a +0 robe (worn)
Scrolls
 c - a scroll of fear {unknown}
 f - a scroll of blinking {unknown}
 g - a scroll of identify {unknown}
 j - a scroll of amnesia {unknown}
 k - a scroll of immolation {unknown}
 p - 2 scrolls of remove curse {unknown}
 q - a scroll of teleportation {unknown}
 r - a scroll of fog {unknown}
 s - a scroll of random uselessness {unknown}
 t - a scroll of recharging {unknown}
Potions
 d - a potion of magic {unknown}
 e - 2 potions of curing
 i - a potion of might {unknown}
 l - a potion of mutation {unknown}
 m - a potion of beneficial mutation {unknown}
 n - 2 potions of heal wounds {unknown}
 o - a potion of invisibility {unknown}
Comestibles
 b - 4 bread rations
 h - 2 meat rations


   Skills:
 + Level 3.5 Fighting
 + Level 4.3 Dodging
 + Level 1.6 Stealth
 + Level 6.0 Unarmed Combat


You had 5 spell levels left.
You didn't know any spells.

Dungeon Overview and Level Annotations

Branches:
Dungeon (4/15)
 Temple: D:4-7

Altars:
Cheibriados
Dithmenos
Fedhas
Gozag
Sif Muna
Xom
Yredelemnul


Innate Abilities, Weirdness & Mutations

You are too large for most types of armour.
You have claws for hands.
Your metabolism is lightning-fast.
You like to eat raw meat.
You heal very quickly.
You are covered in fur (AC +1).
You have very tough skin (AC +2).


Message History

The adder bites you.
You scratch the adder.
The adder is heavily wounded.
The adder bites you but does no damage.
You claw the adder!
You kill the adder!
You feel sick.
You now have 345 gold pieces (gained 5).
You feel sick.
You feel sick.
You feel sick.
You are no longer poisoned.
You open the door.
Found a robe.
There is an open door here.
Found a scroll labeled KYBBIC WOSAITH.
t - a scroll labeled KYBBIC WOSAITH You open the door.
There is an open door here.
Are you sure you want to abandon this character and quit the game? (Confirm with "yes".)

....[..................#.........
.......########..###...########..
.......##...###'######'###.....##
............#....'.......#.....#
............#....#.......#.....#
............#....#.......#.....#
.......##...###..##..##..#.....##
.......##...###+###..##..##......
.............'..@.........'......
.............#............#......
.............#............#......
###########################......
#######


There were no monsters in sight!

Vanquished Creatures
  Purgy (D:4)
  A giant frog (D:4)
  The ghost of Yevrel the Slasher, a weakling MiGl of Ru (D:3)
  A hound (D:4)
  An iguana (D:4)
  Jessica (D:2)
  A worker ant (D:4)
  A hound skeleton (D:4)
  8 adders
  A gnoll (D:1)
  2 oozes
  6 worms
  A giant gecko (D:4)
  An orc (D:3)
  3 giant cockroaches (D:3)
  6 goblins
  6 hobgoblins
  4 jackals (D:1)
  3 kobolds (D:1)
  A ball python (D:3)
  5 bats
  3 giant newts
  2 rats
60 creatures vanquished.

Notes
Turn   | Place    | Note
--------------------------------------------------------------
     0 | D:1      | Yevrel the Troll Monk began the quest for the Orb.
     0 | D:1      | Reached XP level 1. HP: 22/22 MP: 0/0
   280 | D:1      | Reached XP level 2. HP: 29/29 MP: 1/1
   736 | D:1      | Reached XP level 3. HP: 31/36 MP: 2/2
  1073 | D:2      | Found an opulent altar of Gozag.
  1188 | D:2      | Noticed Jessica
  1198 | D:2      | Killed Jessica
  1198 | D:2      | Reached XP level 4. HP: 30/44 MP: 3/3
  1336 | D:2      | Found a deep blue altar of Sif Muna.
  1464 | D:2      | Found a shadowy altar of Dithmenos.
  1464 | D:2      | Found a snail-covered altar of Cheibriados.
  1465 | D:2      | Found a shimmering altar of Xom.
  1618 | D:2      | Became a worshipper of Gozag Ym Sagoz the Greedy
  1781 | D:3      | Found a blossoming altar of Fedhas.
  1856 | D:3      | Noticed Yevrel's ghost (weakling MiGl)
  1875 | D:3      | Killed Yevrel's ghost
  1875 | D:3      | Reached skill level 5 in Unarmed Combat
  1875 | D:3      | Reached XP level 5. HP: 17/53 MP: 4/4
  2082 | D:3      | Found a basalt altar of Yredelemnul.
  2509 | D:4      | Reached XP level 6. HP: 34/61 MP: 5/5
  2755 | D:4      | Noticed Purgy
  2763 | D:4      | Killed Purgy
  2763 | D:4      | Reached skill level 6 in Unarmed Combat
  2838 | D:4      | Quit the game

Action                   |  1- 3 |  4- 6 || total
-------------------------+-------+-------++-------
Melee: Unarmed           |    54 |   118 ||   172
Invok: Potion Petition   |       |     1 ||     1
  Use: Potion            |       |     1 ||     1
 Stab: Sleeping          |     2 |       ||     2
  Eat: Chunk             |     1 |     8 ||     9
       Bread ration      |     1 |       ||     1
       Meat ration       |     1 |     1 ||     2
       Royal jelly       |       |     1 ||     1
